 Dungeon Crawl Stone Soup version 0.32-a0-485-g70f7560b1c (webtiles) character file.

Game seed: 17446772994349047475

122 ytrimaz the Sneak (level 5, -2/46 HPs)
             Began as an Octopode Earth Elementalist on Feb 27, 2024.
             Slain by a gnoll
             ... wielding a +0 flail
              (5 damage)
             ... on level 3 of the Dungeon.
             The game lasted 00:03:48 (2400 turns).

ytrimaz the Sneak (Octopode Earth Elementalist)     Turns: 2400, Time: 00:03:48

Health: -2/46      AC: 22    Str:  8    XL:     5   Next: 6%
Magic:  3/9        EV:  2    Int: 19    God:
Gold:   119        SH:  0    Dex: 12    Spells: 8/9 levels left

rFire   . . .        (no weapon)
rCold   . . .        (no shield)
rNeg    . . .        (helmet currently unavailable)
rPois   +            (no amulet)
rElec   .            (no ring)
rCorr   .            (no ring)
SInv    .            (no ring)
Will    .....        (no ring)
Stlth   ++           (no ring)
HPRegen 0.27/turn    (no ring)
MPRegen 0.11/turn    (no ring)
                     (no ring)

%: no passive effects
@: tree-form
A: stationary, stasis, torment immunity, boosted hp, almost no armour,
(amphibious), 8 rings, (camouflage 1), (gelatinous body 1), (nimble swimmer 1),
(tentacles)
a: no special abilities


You were on level 3 of the Dungeon.
You were a tree.
You visited 1 branch of the dungeon, and saw 3 of its levels.

You collected 119 gold pieces.


Innate Abilities, Weirdness & Mutations

You are a tree.
Your roots penetrate the ground, keeping you stationary.
You cannot be teleported.
You are immune to unholy pain and torment.
Your maximum health is greatly increased.
You cannot wear most types of armour.
((You are amphibious.))
You can wear up to eight rings at the same time.
((Your skin changes colour to match your surroundings (Stealth+).))
((Your rubbery body absorbs attacks. (AC +1, EV +1)))
((You are camouflaged when in or above water. (Stealth+)))
((You have tentacles for arms and can constrict up to eight enemies at once.))


   Skills:
 - Level 2.0 Dodging
 + Level 4.3 Stealth
 + Level 2.8 Spellcasting
 + Level 2.4 Conjurations
 + Level 3.7 Earth Magic


You had 8 spell levels left.
You knew the following spells:

 Your Spells              Type           Power      Damage    Failure   Level
a - Sandblast             Erth           34%        2d9       3%          1

Your spell library contained the following spells:

 Spells                   Type           Power      Damage    Failure   Level
 Passwall                 Erth           17%        N/A       10%         3
 Stone Arrow              Conj/Erth      28%        3d8       13%         3
 Brom's Barrelling Bould  Conj/Erth      14%        2d4       41%         4
 Tukima's Dance           Hex            2%         N/A       43%         3
 Petrify                  Alch/Erth      9%         N/A       56%         4
 Iskenderun's Mystic Bla  Conj/Tloc      7%         2d4       67%         4
 Dimensional Bullseye     Hex/Tloc       1%         N/A       83%         4

Inventory:

Scrolls
 a - a scroll of enchant weapon {unknown}
 b - 2 scrolls of identify
 d - a scroll of revelation
Potions
 c - a potion of resistance

Dungeon Overview and Level Annotations

Branches:
Dungeon (3/15) Zot: 15555

Altars:

#.# .. ##.# ...
#... ... #..# #.#
#..# #.# #..# #.#
#..########
##.######..♣gg.SJ..
#.........########.
..####..########
#.......<.....#
#############.# #.#
#.# #.# #.#


You could see 2 gnolls, an adder and an endoplasm.


Message History

You can't see any susceptible monsters within range! (Use Z to cast anyway.)
Found a stone staircase leading up. 😎 MP[+1]
Your mp is fully restored (8).
A dart slug comes into view.
A dart slug is nearby!
A dart slug is nearby!
A dart slug is nearby!
A dart slug is nearby!
There is a stone staircase leading up here.
The blast of sand hits the dart slug but does no damage. 😎 MP[-1]
You lost 1 mp, and now have 7/8 mp.
The blast of sand hits the dart slug!
You kill the dart slug! 😎 MP[-1]
You lost 1 mp, and now have 6/8 mp.
A gnoll comes into view.
It is wielding a +2 whip of venom. 😎 MP[+2]
Your mp is fully restored (8).
A gnoll is nearby!
A gnoll is nearby!
The gnoll shouts! 2 gnolls come into view.
The blast of sand misses the gnoll.
A gnoll comes into view. It is wielding a +0 club. 😎 MP[-1]
You lost 1 mp, and now have 7/8 mp.
The blast of sand hits the gnoll!
The gnoll shouts!
The gnoll hits you with a +2 whip of venom.
You are poisoned. 😕 HP[-5] MP[-1]
You take 5 damage, and now have 22/27 hp.
You lost 1 mp, and now have 6/8 mp.
The blast of sand hits the gnoll.
You kill the gnoll!
You feel very sick.
An adder comes into view.
You have reached level 5!
You feel stronger. 😮 HP[-2] MP[-1]
You now have 31 max hp (+4).
You are too injured to fight recklessly!
You barely miss the gnoll.
The adder hisses angrily.
Your grab misses the gnoll. Your squeeze misses the gnoll.
You feel sick. The gnoll misses you. 😮 HP[-2]
You take 2 damage, and now have 18/31 hp.
You tentacle-slap the gnoll. Your grab misses the gnoll.
You feel sick. The gnoll hits you with a +0 flail!
* * * LOW HITPOINT WARNING * * *
😨 HP[-10]
You take 10 damage, and now have 8/31 hp.
MASSIVE DAMAGE!! (PAUSE) It was a potion of lignification.
You turn into a tree.
Your roots penetrate the ground.
You feel sick.
The gnoll hits you but does no damage. 😱 HP[+3]
You now have 46 max hp (+15).
You regained 3 hp, and now have 11/46 hp.
It was a potion of enlightenment.
Your roots keep you in place.
You feel sick. The gnoll hits you with a +0 flail.
* * * LOW HITPOINT WARNING * * *
😱 HP[-5] MP[+1]
You take 5 damage, and now have 6/46 hp.
Casting: Sandblast (safe; 3% risk of failure)
Confirm with . or Enter, or press ? or * to list all spells.
Okay, then.
You are too injured to fight recklessly!
Aiming: Sandblast (safe; 3% risk of failure)
Press: ? - help, Q - select action Shift-Dir - straight line, f - gnoll
Aim: a gnoll, wielding a +0 flail (lightly wounded, 84% to hit)
The blast of sand hits the gnoll.
You feel sick.
An endoplasm comes into view.
The gnoll hits you but does no damage. 😱 HP[-2] MP[-1]
You take 2 damage, and now have 4/46 hp.
You lost 1 mp, and now have 5/9 mp.
Aiming: Sandblast (safe; 3% risk of failure)
Press: ? - help, Q - select action Shift-Dir - straight line, f/p - gnoll
Aim: a gnoll, wielding a +0 flail (moderately wounded, 84% to hit)
The blast of sand misses the gnoll.
The blast of sand hits the gnoll!
The endoplasm quivers.
Your enlightenment fades.
You feel sick. The gnoll hits you but does no damage.
The gnoll completely misses you. 😱 MP[-1]
You lost 1 mp, and now have 4/9 mp.
Aiming: Sandblast (safe; 3% risk of failure)
Press: ? - help, Q - select action Shift-Dir - straight line, f/p - gnoll
Aim: a gnoll, wielding a +0 flail (moderately wounded, 84% to hit)
The blast of sand misses the gnoll.
The blast of sand hits the gnoll!
You kill the gnoll!
You feel sick.
You are no longer poisoned.
The gnoll hits you with a +0 flail.
You die...

Skill      XL: |  1  2  3  4 |
---------------+-------------+-----
Stealth        | 3 4 |  4.3
Conjurations   | 2 |  2.4
Dodging        | |  2.0
Spellcasting   | |  2.8
Earth Magic    | |  3.7

Action                     |  1- 3 |  4- 6 || total
---------------------------+-------+-------++-------
  Melee: Unarmed           |     2 |     4 ||     6
         Constrict         |     2 |       ||     2
         Tentacles         |     1 |       ||     1
   Cast: Sandblast         |    35 |    34 ||    69
    Use: Scroll            |     2 |       ||     2
         Potion            |     1 |     2 ||     3
 Armour: Skin              |     6 |    12 ||    18
  Dodge: Dodged            |     5 |    11 ||    16

Levels and vault maps discovered:
D:1:      matt_arrival_spirals, layout_basic
D:2:      layout_basic, nicolae_grassy_gnolls, uniq_natasha
D:3:      layout_loops_ring, yredelemnul_forgotten_temple_becter,
          solitary_fountain, minmay_cupped, uniq_sigmund

Notes
Turn   | Place    | Note
-------+----------+-------------------------------------------
     0 | D:1      | ytrimaz the Octopode Earth Elementalist began the quest for
                  | the Orb.
     0 | D:1      | Reached XP level 1. HP: 11/11 MP: 3/3
     0 | D:1      | magus.rc [v1.9.6]
   234 | D:1      | You pick up a book of Weapons and begin reading...
   234 | D:1      | You add the spells Tukima's Dance, Dimensional Bullseye and
                  | Iskenderun's Mystic Blast to your library.
   312 | D:1      | Reached skill level 3 in Stealth
   312 | D:1      | Reached XP level 2. HP: 17/17 MP: 3/5
  1212 | D:2      | Reached XP level 3. HP: 10/21 MP: 2/6
  1329 | D:2      | Reached skill level 2 in Conjurations
  1329 | D:2      | Reached XP level 4. HP: 22/27 MP: 1/7
  1708 | D:2      | Reached skill level 4 in Stealth
  2203 | D:2      | Noticed Natasha
  2211 | D:2      | Killed Natasha
  2394 | D:3      | Reached XP level 5. HP: 20/31 MP: 5/9
  2396 | D:3      | HP: 11/46 [poisoned by a gnoll]
  2398 | D:3      | HP: 4/46 [poisoned by a gnoll]
  2400 | D:3      | Slain by a gnoll

Vanquished Creatures
  Natasha (D:2)
  6 gnolls
  A ribbon worm (D:2)
  A dart slug (D:3)
  3 endoplasms
  3 giant cockroaches
  4 goblins
  2 hobgoblins (D:1)
  6 jackals
  5 kobolds
  9 ball pythons
  2 bats (D:2)
  A frilled lizard (D:1)
  A rat (D:2)
45 creatures vanquished.

Table legend:
 A = Non-vault XP
 B = Vault XP
 C = Vault XP percentage of total XP
 D = Non-vault monster count
 E = Vault monster count
 F = Vault count percentage of total count
                 A         B        C        D         E       F
            +---------+---------+-------+---------+---------+-------
      Total |      98 |      91 |  48.1 |      40 |       5 |  11.1
            +---------+---------+-------+---------+---------+-------
        D:1 |      24 |       0 |   0.0 |      14 |       0 |   0.0
        D:2 |      40 |      91 |  69.5 |      22 |       5 |  18.5
        D:3 |      34 |       0 |   0.0 |       4 |       0 |   0.0
            +---------+---------+-------+---------+---------+-------

Skill      XL: |  1  2  3  4 |
---------------+-------------+-----
Stealth        | 3 4 |  4.3
Conjurations   | 2 |  2.4
Dodging        | |  2.0
Spellcasting   | |  2.8
Earth Magic    | |  3.7

Action                     |  1- 3 |  4- 6 || total
---------------------------+-------+-------++-------
  Melee: Unarmed           |     2 |     4 ||     6
         Constrict         |     2 |       ||     2
         Tentacles         |     1 |       ||     1
   Cast: Sandblast         |    35 |    34 ||    69
    Use: Scroll            |     2 |       ||     2
         Potion            |     1 |     2 ||     3
 Armour: Skin              |     6 |    12 ||    18
  Dodge: Dodged            |     5 |    11 ||    16

Illustrated notes

Table legend:
 A = Kills in this place as a percentage of kills in the entire game.
 B = Kills by you in this place as a percentage of kills by you in the entire game.
 C = Kills by friends in this place as a percentage of kills by friends in the entire game.
 D = Other kills in this place as a percentage of other kills in the entire game.
 E = Experience gained in this place as a percentage of experience gained in the entire game.
 F = Experience gained in this place divided by the number of levels of this place that you have seen.
                   A       B       C       D       E      F
               +-------+-------+-------+-------+-------+----------------------
         Total | 100.0 | 100.0 |   N/A |   N/A | 100.0 |  63.0
       Dungeon | 100.0 | 100.0 |   N/A |   N/A | 100.0 |  63.0
               +-------+-------+-------+-------+-------+----------------------

Table legend: (Time is in decaauts)
 A = Elapsed time spent in this place.
 B = Non-inter-level travel time spent in this place.
 C = Inter-level travel time spent in this place.
 D = Time resting spent in this place.
 E = Time spent auto-exploring this place.
 F = Levels seen in this place.
 G = Mean time per level.
                   A        B        C        D        E       F      G
               +--------+--------+--------+--------+--------+-----+--------+
         Total |   2443 |   2402 |     41 |      0 |   2132 |   3 |  814.3 |
       Dungeon |   2443 |   2402 |     41 |      0 |   2132 |   3 |  814.3 |
               +--------+--------+--------+--------+--------+-----+--------+

Top non-repeatable levels by time:
     D:1: 1203 daAuts
     D:2: 1156 daAuts
     D:3: 83 daAuts
